 Dungeon Crawl Stone Soup version 0.29-a0-617-g7a6b98fccd (webtiles) character file.

Game seed: 14681701130601324322

231 dolemite99 the Skirmisher (level 6, -7/53 HPs)
             Began as a Gnoll Abyssal Knight on June 18, 2022.
             Was a Priest of Lugonu.
             Mangled by an orc priest
             ... wielding a +1 mace of protection
              (8 damage)
             ... on level 4 of the Dungeon.
             The game lasted 00:03:47 (4283 turns).

dolemite99 the Skirmisher (Gnoll Abyssal Knight)    Turns: 4283, Time: 00:03:47

Health: -7/53      AC:  8    Str: 15    XL:     6   Next: 3%
Magic:  9/9        EV: 10    Int:  9    God:    Lugonu [***...]
Gold:   224        SH:  0    Dex: 12    Spells: 8/8 levels left

rFire   . . .      SeeInvis .   a - +1 falchion (spect)
rCold   . . .      Faith    .   (no shield)
rNeg    . . .      Spirit   .   m - +0 scale mail
rPois   .          Reflect  .   (no helmet)
rElec   .          Harm     .   (no cloak)
rCorr   .          Rampage  .   (no gloves)
Will    .....                   q - +0 pair of boots
Stlth   ..........              d - amulet of magic regeneration
HPRegen 0.17/turn               (no ring)
MPRegen 0.51/turn               (no ring)

@: no status effects
A: fangs 1, strong nose, distributed training
a: Renounce Religion, Depart the Abyss, Bend Space, Banish


You were on level 4 of the Dungeon.
You worshipped Lugonu.
Lugonu was most pleased with you.
You visited 1 branch of the dungeon, and saw 4 of its levels.
You visited the Abyss 1 time.

You collected 224 gold pieces.

Inventory:

Hand Weapons
 a - a +1 spectral falchion (weapon)
 b - a +0 hunting sling
 i - a +0 hunting sling
Missiles
 h - 54 stones
Armour
 j - a +0 leather armour
 m - a +0 scale mail (worn)
 q - a +0 pair of boots (worn)
Jewellery
 d - an amulet of magic regeneration (around neck)
 g - a +4 ring of slaying
 s - a ring of poison resistance
Scrolls
 c - 2 scrolls of silence {unknown}
 k - a scroll of fog
 l - a scroll of fear {unknown}
 p - a scroll of identify {unknown}
 r - a scroll of enchant weapon {unknown}
Potions
 e - a potion of attraction {unknown}
 f - a potion of mutation {unknown}
 n - a potion of lignification {unknown}


   Skills:
 + Level 6.7 Fighting
 + Level 1.7 Short Blades
 + Level 4.9 Long Blades
 + Level 1.7 Axes
 + Level 1.7 Maces & Flails
 + Level 1.7 Polearms
 + Level 1.7 Staves
 + Level 1.7 Slings
 + Level 1.7 Bows
 + Level 1.7 Crossbows
 + Level 1.7 Throwing
 + Level 4.9 Armour
 + Level 3.1 Dodging
 + Level 1.7 Stealth
 + Level 1.7 Shields
 + Level 1.7 Unarmed Combat
 + Level 1.7 Spellcasting
 + Level 1.3 Conjurations
 + Level 1.3 Hexes
 + Level 1.3 Summonings
 + Level 1.3 Necromancy
 + Level 1.3 Translocations
 + Level 1.3 Transmutations
 + Level 1.3 Fire Magic
 + Level 1.3 Ice Magic
 + Level 1.3 Air Magic
 + Level 1.3 Earth Magic
 + Level 1.3 Poison Magic
 + Level 5.0 Invocations
 + Level 1.7 Evocations


You had 8 spell levels left.
You didn't know any spells.
Your spell library contained the following spells:

 Spells                   Type           Power      Damage    Failure   Level
 Freeze                   Ice            12%        1d4       56%         1
 Sandblast                Erth           6%         2d5       56%         1
 Summon Small Mammal      Summ           12%        N/A       56%         1
 Passwall                 Tmut/Erth      2%         N/A       71%         2
 Poisonous Vapours        Pois/Air       6%         N/A       71%         2
 Call Canine Familiar     Summ           3%         N/A       91%         3
 Frozen Ramparts          Ice            6%         1d2       91%         3
 Stone Arrow              Conj/Erth      6%         3d7       91%         3
 Summon Guardian Golem    Hex/Summ       3%         N/A       91%         3
 Corpse Rot               Necr/Pois/Air  3%         N/A       100%        4
 Hailstorm                Conj/Ice       3%         3d3       100%        4


Dungeon Overview and Level Annotations

Branches:
Dungeon (4/15)
 Temple: D:4-7

Altars:
Vehumet
Zin

Annotations:
D:4 Grinder


Innate Abilities, Weirdness & Mutations

You have very sharp teeth.
Your uncanny sense of smell can sniff out nearby items.
Your experience applies equally to all skills.


Message History

You hit the orc priest.
The orc priest is lightly wounded.
The orc priest hits you with a +1 mace of protection.
You barely miss the orc priest.
The orc priest is lightly wounded.
The orc priest hits you with a +1 mace of protection.
You hit the orc priest but do no damage.
The orc priest misses you.
The orc priest invokes the aid of Beogh against you.
Beogh smites you!
You hit the orc priest.
The orc priest is lightly wounded.
The orc priest barely misses you.
The orc priest invokes the aid of Beogh against you.
Beogh smites you!
* * * LOW HITPOINT WARNING * * *
It was a potion of curing.
You feel better.
The orc priest invokes the aid of Beogh against you.
Pain shoots through your body!
You feel better. The orc priest closely misses you.
You hit the orc priest. Your bite misses the orc priest.
The orc priest is moderately wounded.
The orc priest hits you with a +1 mace of protection.
You hit the orc priest.
The orc priest is severely wounded.
The orc priest barely misses you.
You hit the orc priest but do no damage.
The orc priest is severely wounded.
The orc priest barely misses you.
You hit the orc priest but do no damage.
You bite the orc priest, but do no damage.
The orc priest is severely wounded.
The orc priest mumbles some strange prayers to Beogh against you.
Beogh smites you!
* * * LOW HITPOINT WARNING * * *
The orc priest mumbles some strange prayers to Beogh against you.
Beogh smites you!
* * * LOW HITPOINT WARNING * * *
The orc priest hits you with a +1 mace of protection!
You die...

..... ......# ......
..... ∆ ...... ...
...... #.#
.....#####.###########
###.....†..§§§§§oo)o.
#.....###o###########
#.....# #o# #.....#
#@# #.....# #.#
..#.....###.#
#.#......##.# #.#
#.###.##.##.## #.# #.#
#........# #.# #.#
#...)....# #.# #.#
#.....)..# #.#
#.###.###.#.##


You could see 2 orc priests.

Vanquished Creatures
  A hound (D:4)
  2 orc priests (D:3)
  7 adders
  2 dart slugs (D:3)
  5 orcs
  4 ball pythons
  5 endoplasms
  2 giant cockroaches
  11 goblins
  3 hobgoblins
  4 jackals (D:2)
  6 quokkas
  4 bats
  5 frilled lizards
  5 kobolds
  3 rats
69 creatures vanquished.

Notes
Turn   | Place    | Note
-------+----------+-------------------------------------------
     0 | Abyss:1  | dolemite99 the Gnoll Abyssal Knight began the quest for the
                  | Orb.
     0 | Abyss:1  | Reached XP level 1. HP: 23/23 MP: 3/3
    20 | D:1      | Escaped the Abyss
   529 | D:1      | Reached XP level 2. HP: 29/29 MP: 5/5
  1637 | D:2      | Reached XP level 3. HP: 35/35 MP: 6/6
  2141 | D:2      | Reached skill level 1 in Short Blades
  2141 | D:2      | Reached skill level 1 in Axes
  2141 | D:2      | Reached skill level 1 in Maces & Flails
  2141 | D:2      | Reached skill level 1 in Polearms
  2141 | D:2      | Reached skill level 1 in Staves
  2141 | D:2      | Reached skill level 1 in Slings
  2141 | D:2      | Reached skill level 1 in Bows
  2141 | D:2      | Reached skill level 1 in Crossbows
  2141 | D:2      | Reached skill level 1 in Throwing
  2141 | D:2      | Reached skill level 1 in Stealth
  2141 | D:2      | Reached skill level 1 in Shields
  2141 | D:2      | Reached skill level 1 in Unarmed Combat
  2141 | D:2      | Reached skill level 1 in Spellcasting
  2141 | D:2      | Reached skill level 1 in Evocations
  2144 | D:2      | Reached *** piety under Lugonu
  2607 | D:3      | Reached XP level 4. HP: 41/41 MP: 7/7
  2843 | D:3      | Reached skill level 1 in Conjurations
  2843 | D:3      | Reached skill level 1 in Hexes
  2843 | D:3      | Reached skill level 1 in Summonings
  2843 | D:3      | Reached skill level 1 in Necromancy
  2843 | D:3      | Reached skill level 1 in Translocations
  2843 | D:3      | Reached skill level 1 in Transmutations
  2843 | D:3      | Reached skill level 1 in Fire Magic
  2843 | D:3      | Reached skill level 1 in Ice Magic
  2843 | D:3      | Reached skill level 1 in Air Magic
  2843 | D:3      | Reached skill level 1 in Earth Magic
  2843 | D:3      | Reached skill level 1 in Poison Magic
  3298 | D:3      | Reached XP level 5. HP: 33/47 MP: 8/8
  3625 | D:3      | Found a glowing silver altar of Zin.
  3949 | D:4      | Found a radiant altar of Vehumet.
  4085 | D:4      | Noticed Grinder
  4097 | D:4      | Reached skill level 5 in Invocations
  4254 | D:4      | Reached XP level 6. HP: 53/53 MP: 9/9
  4283 | D:4      | HP: 1/53 [orc priest/divine providence (13)]
  4283 | D:4      | Mangled by an orc priest

Illustrated notes

Levels and vault maps discovered:
D:1:      minmay_arrival_five_plusses, layout_basic
D:2:      kennysheep_the_goblin_king, layout_loops_corners, minivault_27
D:3:      layout_basic, mainiacjoe_overflow_paths, minmay_misc_feat_tower
D:4:      layout_basic, mainiacjoe_overflow_tiny_flanked,
          chequers_temple_overflow_minitemple, uniq_edmund, uniq_grinder

Skill      XL: |  1  2  3  4  5 |
---------------+----------------+-----
Short Blades   | 1 |  1.7
Axes           | 1 |  1.7
Maces & Flails | 1 |  1.7
Polearms       | 1 |  1.7
Staves         | 1 |  1.7
Slings         | 1 |  1.7
Bows           | 1 |  1.7
Crossbows      | 1 |  1.7
Throwing       | 1 |  1.7
Stealth        | 1 |  1.7
Shields        | 1 |  1.7
Unarmed Combat | 1 |  1.7
Spellcasting   | 1 |  1.7
Evocations     | 1 |  1.7
Conjurations   | 1 |  1.3
Hexes          | 1 |  1.3
Summonings     | 1 |  1.3
Necromancy     | 1 |  1.3
Translocations | 1 |  1.3
Transmutations | 1 |  1.3
Fire Magic     | 1 |  1.3
Ice Magic      | 1 |  1.3
Air Magic      | 1 |  1.3
Earth Magic    | 1 |  1.3
Poison Magic   | 1 |  1.3
Dodging        | 3 |  3.1
Invocations    | 5 |  5.0
Fighting       | |  6.7
Long Blades    | |  4.9
Armour         | |  4.9

Action                   |  1- 3 |  4- 6 || total
-------------------------+-------+-------++-------
Melee: Falchion          |    55 |   112 ||   167
       Bite              |     4 |    10 ||    14
       Punch             |     1 |     3 ||     4
 Fire: Hunting sling     |    46 |     5 ||    51
  Use: Scroll            |     1 |     3 ||     4
       Potion            |       |     2 ||     2
Armor: Leather armour    |    26 |     3 ||    29
       Scale mail        |       |    60 ||    60
Dodge: Dodged            |    44 |    97 ||   141

Table legend: (Time is in decaauts)
 A = Elapsed time spent in this place.
 B = Non-inter-level travel time spent in this place.
 C = Inter-level travel time spent in this place.
 D = Time resting spent in this place.
 E = Time spent auto-exploring this place.
 F = Levels seen in this place.
 G = Mean time per level.
                   A        B        C        D        E       F      G
               +--------+--------+--------+--------+--------+-----+--------+
         Total |   4311 |   4163 |    148 |    847 |   2578 |   5 |  862.2 |
       Dungeon |   4291 |   4143 |    148 |    847 |   2567 |   4 | 1072.8 |
         Abyss |     20 |     20 |      0 |      0 |     11 |   1 |   20.0 |
               +--------+--------+--------+--------+--------+-----+--------+

Top non-repeatable levels by time:
     D:2: 1469 daAuts
     D:3: 1309 daAuts
     D:1: 1172 daAuts
     D:4: 340 daAuts
 Abyss:1: 20 daAuts
